 Dungeon Sprint DCSS version 0.26-a0-690-gcb57259078 (webtiles) character file.

Game seed: 16764665822434863864

480 sahdkjhfkaj the Transmogrifier (level 7, -16/45 HPs)
             Began as an Octopode Transmuter on Oct 23, 2020.
             Demolished by a boulder beetle (61 damage)
             ... in the Dungeon (Sprint II: "The Violet Keep of Menkaure").
             The game lasted 00:01:21 (360 turns).

sahdkjhfkaj the Transmogrifier (Octopode Transmuter) Turns: 360, Time: 00:01:22

Health: -16/45     AC:  1    Str: 11    XL:     7   Next: 12%
Magic:  5/10       EV: 14    Int: 15    God:
Gold:   486        SH:  0    Dex: 13    Spells: 4/10 levels left

rFire    . . .     SeeInvis .     - Unarmed
rCold    . . .     Faith    .   (shield currently unavailable)
rNeg     . . .     Spirit   .   (helmet restricted)
rPois    .         Reflect  .   (no amulet)
rElec    .         Harm     .   (no ring)
rCorr    .         Rampage  .   (no ring)
MR       .....     NoTele   +   (no ring)
Stlth    ++........             (no ring)
HPRegen  0.15/turn              (no ring)
MPRegen  0.12/turn              (no ring)
                                (no ring)
                                (no ring)

@: blade tentacles, hasted, very quick
A: almost no armour, stealthy swim, amphibious, 8 rings, constrict 8, camouflage
1, gelatinous body 1, subdued magic 1
a: End Transformation


You were in the Dungeon.
You had blades for tentacles.
You visited 1 branch You collected 486 gold pieces.

Inventory:

Scrolls
 g - a scroll of blinking
Potions
 b - a potion of curing {!q}
 c - a potion of heal wounds {!q}
 e - 2 potions of magic {!q}


   Skills:
 + Level 2.1 Fighting
 + Level 2.7 Dodging
 + Level 8.5 Unarmed Combat
 - Level 2.0 Spellcasting
 + Level 12.0 Transmutations


You had 4 spell levels left.
You knew the following spells:

 Your Spells              Type           Power        Failure   Level
a - Beastly Appendage     Tmut           ####..       6%          1
A - Blade Hands           Tmut           ####......   26%         5

Your spell library contained the following spells:

 Spells                   Type           Power        Failure   Level
 Wereblood                Tmut           ####....     8%          2
 Spider Form              Tmut/Pois      ###.......   30%         3
 Ice Form                 Ice/Tmut       ###.....     56%         4


Dungeon Overview and Level Annotations

Branches:
Dungeon (1/1)

Altars:

Annotations:
D exclusion: orange crystal statue


Innate Abilities, Weirdness & Mutations

You cannot wear most types of armour.
You are very stealthy in the water. (Stealth+)
You are amphibious.
You can wear up to eight rings at the same time.
You can use your tentacles to constrict eight enemies at once.
Your skin changes colour to match your surroundings (Stealth+).
Your rubbery body absorbs attacks. (AC +1, EV +1)
Your spells are a little easier to cast, but a little less powerful.


Message History

The orange crystal statue is engulfed in mutagenic fog.
You start waiting.
The orange crystal statue is engulfed in mutagenic fog.
You start waiting.
The orange crystal statue is engulfed in mutagenic fog.
Unknown command.
Casting: Blade Hands (quite dangerous; 3% risk of failure)
Confirm with . or Enter, or press ? or * to list all spells.
The spell is quite dangerous to cast (3% risk of failure)!
Continue anyway?
Your tentacles turn into razor-sharp scythe blades.
The boulder beetle curls into a ball and begins rolling!
Really quaff
d - a potion of haste {!q}? [Y]es or [N]o only, please.
Really quaff
d - a potion of haste {!q}?
You feel yourself speed up.
You hit the boulder beetle.
The boulder beetle is lightly wounded.
The boulder beetle hits you!!!
Ouch! That really hurt!
You die...

####+#### ##§§§≈≈≈§##
###≈≈§§§≈≈§≈##
'≈≈§§§8§§≈§≈#
#§§§§§§≈§§# #≈≈≈§§≈§#
##≈≈#+++#+++##
#≈≈≈.......@.#
#≈≈≈≈.##'##B.#
#≈≈≈≈##.#.##°####
#≈≈≈ #..#..#....#
#≈≈# ##.#.####..##
#≈##. ##'###.##..# #
#...##.##.#.#..#
#.+.<.'##.+..###
#.m.##.###..#....###.


You could see a boulder beetle.

Vanquished Creatures
  3 neqoxecs (D)
  A water moccasin (D)
4 creatures vanquished.

Vanquished Creatures (others)
  A neqoxec (D)
  Menkaure (D)
  A water moccasin (D)
3 creatures vanquished.

Grand Total: 7 creatures vanquished

Notes
Turn   | Place    | Note
-------+----------+-------------------------------------------
     0 | D        | sahdkjhfkaj the Octopode Transmuter began the quest for the
                  | Orb.
     0 | D        | Reached XP level 1. HP: 13/13 MP: 3/3
     1 | D        | Noticed a merfolk siren
     5 | D        | Noticed a boulder beetle
     5 | D        | Noticed a boulder beetle
     8 | D        | Noticed a neqoxec
    12 | D        | Noticed a neqoxec
    14 | D        | Killed a neqoxec
    14 | D        | Reached skill level 5 in Transmutations
    14 | D        | Reached XP level 2. HP: 18/18 MP: 3/5
    14 | D        | Reached XP level 3. HP: 23/23 MP: 3/6
    14 | D        | Reached XP level 4. HP: 28/28 MP: 3/7
    14 | D        | Reached XP level 5. HP: 33/33 MP: 3/8
    21 | D        | Killed a neqoxec
    21 | D        | Reached skill level 9 in Transmutations
    21 | D        | Reached XP level 6. HP: 35/38 MP: 3/9
    32 | D        | Learned a level 5 spell: Blade Hands
    47 | D        | Killed a neqoxec
   105 | D        | Killed a water moccasin
   125 | D        | Killed Menkaure
   133 | D        | Noticed a water moccasin
   138 | D        | Killed a water moccasin
   138 | D        | Reached skill level 11 in Transmutations
   281 | D        | Noticed an orange crystal statue
   282 | D        | Noticed a neqoxec
   290 | D        | Gained mutation: Your spells are a little easier to cast,
                  | but a little less powerful. [a neqoxec]
   295 | D        | Killed a neqoxec
   295 | D        | Reached skill level 12 in Transmutations
   295 | D        | Reached XP level 7. HP: 45/45 MP: 4/10
   360 | D        | Demolished by a boulder beetle

Illustrated notes

Levels and vault maps discovered:
D:        the_violet_keep_of_menkaure [sprint2_stairs_cluster_1,
          sprint2_shoproom, sprint2_temple, sprint2_basic_supplies,
          sprint2_obstacle_2, sprint2_obstacle_1, sprint2_obstacle_4,
          sprint2_obstacle_5, sprint2_obstacle_3, sprint2_timed_cluster_1,
          sprint2_smallroom_cluster_1, sprint2_smallroom_final_cluster_1,
          sprint2_transparent_cluster_1, sprint2_second_timed_cluster_1,
          sprint2_sniper_area_1, sprint2_heavy_combat_area_1,
          sprint2_mutation_trap_area_1, sprint2_forest_area_1,
          sprint2_light_combat_area_1, sprint2_behind_water_1,
          sprint2_near_end_vault_1]

Skill      XL: |  1  2  3  4  5  6 |
---------------+-------------------+-----
Unarmed Combat | 8 |  8.5
Transmutations | 5 9 12 | 12.0
Fighting       | 2 |  2.1
Dodging        | |  2.7
Spellcasting   | |  2.0

Action                   |  1- 3 |  4- 6 |  7- 9 || total
-------------------------+-------+-------+-------++-------
Melee: Unarmed           |     4 |    12 |     1 ||    17
       Tentacles         |     1 |     1 |       ||     2
       Constrict         |     1 |     1 |       ||     2
       Kick              |     1 |       |       ||     1
       Punch             |     1 |       |       ||     1
 Cast: Beastly Appendage |     1 |       |       ||     1
       Blade Hands       |       |     2 |     1 ||     3
  Use: Potion            |     1 |       |     1 ||     2
Dodge: Dodged            |       |     3 |       ||     3

Table legend: (Time is in decaauts)
 A = Elapsed time spent in this place.
 B = Non-inter-level travel time spent in this place.
 C = Inter-level travel time spent in this place.
 D = Time resting spent in this place.
 E = Time spent auto-exploring this place.
 F = Levels seen in this place.
 G = Mean time per level.
                   A        B        C        D        E       F      G
               +--------+--------+--------+--------+--------+-----+--------+
         Total |    370 |    370 |      0 |    245 |      0 |   1 |  370.0 |
       Dungeon |    370 |    370 |      0 |    245 |      0 |   1 |  370.0 |
               +--------+--------+--------+--------+--------+-----+--------+

Top non-repeatable levels by time:
       D: 370 daAuts
